AoeStats
← 玩印度的哥们硬不起来

African Clearing

510345959Analyzed
2v2 RM · 2d ago on Sep 30, 2026· 20m 52s· 4 players
Game mode
Random Map
Map size
Medium (4 player)
Population
200
Speed
Normal
Resources
Standard
Victory
Conquest
Starting age
Dark Age
Ending age
Imperial Age
RankedLock teamsTeams togetherTeam positionsShared explorationLock speedFull tech treeHidden civsTurbo modeCheats
Victory
Defeat
🇬🇧 Vietnamese · United Kingdom
1402
+18
🇬🇧 Saracens · United Kingdom
1401
+18
1466
-19
🇨🇦 Mongols · Canada
1427
-17
Nyuszi
3:18 Loom
4:24 Loom
11:12 Feudal Age
11:43 Double-Bit Axe
13:46 Forging
14:27 Town Watch
18:18 Scale Barding Armor
玩印度的哥们硬不起来
3:24 Loom
14:52 Feudal Age
15:29 Double-Bit Axe
18:24 Castle Age
19:39 Bow Saw
19:11 Horse Collar
20:39 Wheelbarrow
Panicvectors
6:54 Loom
14:31 Feudal Age
20:08 Castle Age
19:16 Double-Bit Axe
21:19 Bow Saw
Ognoreglep
9:52 Loom
12:38 Feudal Age
13:17 Double-Bit Axe
15:32 Town Watch
18:47 Castle Age
16:59 Horse Collar
18:21 Fletching
18:44 Forging
19:36 Bloodlines
18:48 Light Cavalry
19:50 Scale Barding Armor
20:21 Bloodlines
Connection lost

Rejoining the realm…

Still unreachable

The connection could not be restored.

Session expired

The server has moved on; the page needs a fresh start.